 Dungeon Crawl Stone Soup version 0.21.1-1-g345015fe64 (webtiles) character file.

60340 RaHiT the Covert (level 14, -2/106 HPs)
             Began as a Vampire Assassin on Mar 24, 2018.
             Was a Follower of Uskayaw.
             Slain by a swamp worm (25 damage)
             ... on level 1 of the Spider Nest on Mar 25, 2018.
             The game lasted 04:41:01 (40494 turns).

RaHiT the Covert (Vampire Assassin)                Turns: 40494, Time: 04:41:02

Health: -2/106     AC:  9    Str: 10    XL:     14   Next: 56%
Magic:  19/19      EV: 27    Int: 17    God:    Uskayaw [*.....]
Gold:   1500       SH:  7    Dex: 19    Spells: 13/13 levels left

rFire    . . .     SeeInvis +   a - +2 dagger (speed)
rCold    + + .     Gourm    .   m - +0 buckler
rNeg     + + .     Faith    +   U - +2 robe {MR+}
rPois    +         Spirit   .   o - +1 helmet
rElec    .         Reflect  .   d - +0 cloak
rCorr    .         Harm     .   K - +0 pair of gloves
MR       ++...                  (no boots)
Stlth    ++++......             Z - amulet of faith
HPRegen  0.13/turn              s - +5 ring of evasion
MPRegen  0.16/turn              V - +2 ring of evasion

@: regenerating slowly, very slow
A: fangs 3, see invisible, clever 1, cold resistance 1, unbreathing
a: Bat Form, Stomp, Renounce Religion


You were on level 1 of the Spider Nest.
You worshipped Uskayaw.
Uskayaw was noncommittal.
You were near bloodless.

You visited 5 branches of the dungeon, and saw 23 of its levels.

You collected 2002 gold pieces.
You spent 502 gold pieces at shops.

Inventory:

Hand Weapons
 a - a +2 dagger of speed (weapon)
 b - a +0 blowgun
Missiles
 c - 5 javelins
 e - 19 poisoned needles
 f - 7 curare-tipped needles
 C - 6 tomahawks (quivered)
Armour
 d - a +0 cloak (worn)
 j - a +0 robe of cold resistance
 m - a +0 buckler (worn)
 o - a +1 helmet (worn)
 K - a +0 pair of gloves (worn)
 U - a +2 robe of magic resistance (worn)
Jewellery
 g - an uncursed amulet of regeneration {unknown}
 s - a +5 ring of evasion (left hand)
 B - an uncursed ring of protection from cold
 V - a +2 ring of evasion (right hand)
 Y - an uncursed ring of fire
 Z - an amulet of faith (around neck)
Wands
 D - a wand of digging (19)
 E - a wand of acid (2)
 H - a wand of paralysis (16)
 J - a wand of iceblast (10)
 Q - a wand of flame (19)
 S - a wand of disintegration (21)
Scrolls
 n - 5 scrolls of amnesia
 u - 7 scrolls of teleportation
 v - 3 scrolls of enchant weapon
 w - 6 scrolls of remove curse
 y - 7 scrolls of enchant armour
 I - 4 scrolls of immolation
 L - 3 scrolls of blinking
 M - 5 scrolls of vulnerability
 O - 4 scrolls of fear
 R - a scroll of summoning
 T - 2 scrolls of torment
 X - 3 scrolls of magic mapping
Potions
 h - 3 potions of ambrosia
 i - 9 potions of brilliance
 k - 8 potions of flight
 l - 7 potions of curing
 p - 6 potions of heal wounds
 r - 2 potions of magic
 t - 4 potions of lignification
 x - a potion of berserk rage
 z - a potion of might
 F - a potion of invisibility
 G - a potion of haste
 N - a potion of resistance
Miscellaneous
 W - a fan of gales


   Skills:
 * Level 8.3 Fighting
 - Level 12.0 Short Blades
 * Level 7.7 Throwing
 * Level 7.4 Armour
 * Level 9.9 Dodging
 + Level 13.8 Stealth
 * Level 8.3 Shields
 * Level 7.9 Invocations
 * Level 5.1 Evocations


You had 13 spell levels left.
You didn't know any spells.

Dungeon Overview and Level Annotations

Branches:
Dungeon (14/15)            Temple (1/1) D:4            Lair (5/6) D:9
 Shoals (0/4) Lair:2       Spider (1/4) Lair:3        Slime (0/5) Lair:5
    Orc (2/2) D:10            Elf (0/3) Orc:2
 Vaults: D:13-14

Altars:
Ashenzari
Cheibriados
Dithmenos
Elyvilon
Fedhas
Gozag
Hepliaklqana
Kikubaaqudgha
Makhleb
Nemelex Xobeh
Okawaru
Qazlal
Ru
Sif Muna
Trog
Uskayaw
Vehumet
Wu Jian
Xom
Yredelemnul
Zin
The Shining One
Beogh

Shops:
D:5 }   D:6 ?   D:7 %   Orc:1 =%%}   Orc:2 ?[==

Annotations:
D:14 Agnes


Innate Abilities, Weirdness & Mutations

You heal slowly.
You have razor-sharp teeth.
You have supernaturally acute eyesight. (SInv)
You can survive without breathing.
Your mind is acute. (Int +2)
Your flesh is cold resistant. (rC+)


Message History

You can now pass through a line of other dancers.
You are caught in the web!
There is a web here.
You see here a swamp worm corpse.
You disentangle yourself.
There is a hole to the Spider Nest, spattered with blood here.
You can no longer pass through a line of other dancers.
You climb downwards.
Welcome back to the Spider Nest!
This branch contains the gossamer rune of Zot.
There is a crawl-hole back to the Lair, spattered with blood here.
You see here a swamp worm corpse.
You enter the shallow water.
Moving in this stuff is going to be slow.
A swamp worm bursts forth from the water.
The swamp worm bites you! x2
* * * LOW HITPOINT WARNING * * *
You hit the swamp worm but do no damage.
The swamp worm barely misses you. The swamp worm bites you!!
You die...

##...........#
#..)......^###
##..........##
#^........%.)#
##......≈≈≈≈≈≈≈.
###.....≈≈≈≈≈≈≈≈≈≈≈
##.#....≈≈≈#######≈≈
#..###..≈≈P#≈≈≈≈≈##≈≈..
##....##.≈≈P≈@w≈≈≈$#≈≈..
#........≈≈≈#≈≈≈≈≈##≈≈..
#........≈≈≈#######≈≈≈#
#.........≈†≈≈≈≈≈≈≈≈≈#
##..##......≈≈≈≈≈≈≈##
#..##...............##
####.................#
###........†......#....#
#..............†.###..##


You could see a swamp worm.

Vanquished Creatures
  A stone giant (Orc:1)
  The ghost of Dommiel19 the Cleaver, a journeyman FoFi of Okawaru (Lair:2)
  Snorg (D:10)
  The ghost of Dommiel19 the Bludgeoner, a journeyman FoFi of Ashenzari (Lair:1)
  The ghost of Wolfborn the Cleaver, a journeyman DDBe of Trog (Orc:2)
  The ghost of Ykky the Martial Artist, a journeyman DsMo of Makhleb (D:11)
  2 hydras
  2 centaur warriors
  The ghost of BorisKarlOrff the Cleaver, a novice MiBe of Trog (Lair:1)
  2 two-headed ogres
  6 death yaks
  Urug (D:13)
  A fire crab (Lair:5)
  An unseen horror (D:13)
  A wolf spider zombie (D:13)
  3 orc knights (Orc:2)
  2 ugly things
  2 orb spiders (Spider:1)
  3 wolf spiders (Lair:3)
  An orc sorcerer (Orc:2)
  4 slime creatures (D:12)
  A deep elf mage (D:12)
  2 manticores
  11 elephants
  Maurice (D:10)
  A merfolk siren (Lair:2)
  3 black mambas
  A torpor snail (Lair:3)
  5 spiny frogs
  3 komodo dragons
  A rime drake (Lair:2)
  The ghost of kalodont the Sneak, a novice KoEn of Elyvilon (D:4)
  A jumping spider (Lair:3)
  A queen bee (D:8)
  A troll (D:12)
  2 polar bears
  Prince Ribbit (D:6)
  9 blink frogs
  11 hippogriffs
  Grinder (D:6)
  A redback (Lair:3)
  3 tarantellas
  34 yaks
  4 basilisks
  A wyvern (Lair:4)
  8 vampire mosquitoes
  Grum (D:10)
  3 swamp worms
  9 water moccasins
  Duvessa (D:5)
  7 porcupines
  25 orc warriors
  2 hell hounds (D:9)
  5 sky beasts
  A black bear (D:10)
  An ice beast (D:12)
  A necrophage (D:9)
  5 phantoms
  21 wolves
  12 centaurs
  10 ogres
  12 crocodiles
  3 big kobolds
  A gnoll sergeant (D:8)
  12 bullfrogs
  Dowan (D:5)
  22 killer bees
  4 scorpions
  17 wights
  5 howler monkeys
  2 crimson imps
  2 bullfrog zombies
  5 centaur zombies
  A quasit (D:7)
  7 jellies
  11 orc priests
  Crazy Yiuf (D:2)
  3 centaur skeletons
  A gnoll shaman (D:6)
  4 bullfrog skeletons
  6 hounds
  14 orc wizards
  6 hell rats (Lair:5)
  2 iguanas
  4 worker ants
  A hound zombie (D:5)
  A hound skeleton (D:9)
  A howler monkey zombie (D:5)
  3 worker ant zombies
  10 gnolls
  19 adders
  4 shadow imps
  3 oozes
  2 adder skeletons (D:5)
  16 worms
  3 dart slugs
  6 leopard geckos
  98 orcs
  8 giant cockroaches
  7 goblins
  6 hobgoblins
  16 jackals
  26 kobolds
  2 quokkas
  3 ball pythons
  10 bats
  7 frilled lizards
  A jackal skeleton (D:5)
  A quokka skeleton (D:4)
  9 rats
  A plant (Lair:2)
660 creatures vanquished.

Vanquished Creatures (others)
  An unseen horror (D:13)
  A yak (Lair:1)
  An orc priest (Orc:2)
  13 fungi
  8 plants
24 creatures vanquished.

Grand Total: 684 creatures vanquished

Notes
Turn   | Place    | Note
-------+----------+-------------------------------------------
     0 | D:1      | RaHiT the Vampire Assassin began the quest for the Orb.
     0 | D:1      | Reached XP level 1. HP: 16/16 MP: 1/1
   224 | D:1      | Reached XP level 2. HP: 13/22 MP: 2/2
   650 | D:1      | Reached skill level 6 in Stealth
   753 | D:1      | Reached XP level 3. HP: 22/27 MP: 3/3
  1222 | D:2      | Reached skill level 1 in Shields
  1380 | D:2      | Reached XP level 4. HP: 33/33 MP: 4/4
  1637 | D:2      | Found a deep blue altar of Sif Muna.
  1759 | D:2      | Found a runed door.
  1765 | D:2      | Noticed Crazy Yiuf
  1771 | D:2      | Killed Crazy Yiuf
  1957 | D:3      | Reached XP level 5. HP: 31/39 MP: 5/5
  2231 | D:3      | Reached skill level 1 in Armour
  2430 | D:4      | Found a staircase to the Ecumenical Temple.
  2438 | D:4      | Noticed an ogre
  2480 | D:3      | Killed an ogre
  2480 | D:3      | Reached XP level 6. HP: 42/46 MP: 4/6
  2514 | Temple   | Entered the Ecumenical Temple
  2549 | Temple   | Became a worshipper of Uskayaw the Reveler
  2704 | D:3      | Reached * piety under Uskayaw
  2940 | D:4      | Reached ** piety under Uskayaw
  3625 | D:4      | Reached skill level 7 in Stealth
  3928 | D:3      | Reached XP level 7. HP: 33/51 MP: 7/7
  4686 | D:4      | Noticed kalodont's ghost (novice KoEn)
  4809 | D:5      | Entered Level 5 of the Dungeon
  4840 | D:5      | Reached skill level 5 in Short Blades
  4963 | D:5      | Reached skill level 1 in Invocations
  5531 | D:5      | Found Keosediu's Gadget Emporium.
  5848 | D:5      | Noticed Duvessa
  5852 | D:5      | Noticed Dowan
  5875 | D:5      | Killed Duvessa
  5875 | D:5      | Reached skill level 1 in Evocations
  5875 | D:5      | Reached XP level 8. HP: 31/58 MP: 7/9
  5889 | D:5      | Killed Dowan
  6413 | D:6      | Found Rutodim's Magic Scroll Shop.
  6569 | D:6      | Noticed Grinder
  6577 | D:6      | Killed Grinder
  6577 | D:6      | Reached skill level 8 in Stealth
  6689 | D:6      | Reached *** piety under Uskayaw
  7406 | D:6      | Noticed Prince Ribbit
  7416 | D:6      | Killed Prince Ribbit
  7416 | D:6      | Reached XP level 9. HP: 65/65 MP: 7/10
  7663 | D:7      | Reached **** piety under Uskayaw
  8740 | D:7      | Found Doisseul's Food Shop.
  9086 | D:8      | Noticed a queen bee
 10562 | D:7      | Reached skill level 9 in Stealth
 11041 | D:7      | HP: 4/99 [poisoned by a killer bee]
 11048 | D:7      | HP: 3/99 [poisoned by a killer bee]
 11055 | D:7      | HP: 3/99 [poisoned by a killer bee]
 11063 | D:7      | HP: 2/66 [poisoned by a killer bee]
 11374 | D:8      | Killed a queen bee
 11374 | D:8      | Reached skill level 5 in Dodging
 12086 | D:8      | Reached XP level 10. HP: 39/73 MP: 10/12
 13373 | D:9      | Found a staircase to the Lair.
 14257 | D:9      | Reached skill level 5 in Fighting
 14429 | D:9      | Reached skill level 10 in Stealth
 14526 | D:9      | Found a burning altar of Makhleb.
 15064 | D:10     | Entered Level 10 of the Dungeon
 15065 | D:10     | Noticed Maurice
 15070 | D:10     | Killed Maurice
 15090 | D:10     | Reached skill level 5 in Shields
 15519 | D:10     | Reached XP level 11. HP: 80/80 MP: 14/14
 16899 | D:10     | Found a staircase to the Orcish Mines.
 16975 | D:10     | Reached skill level 5 in Throwing
 17322 | D:10     | Noticed Grum
 17374 | D:10     | Killed Grum
 17386 | D:10     | Reached ***** piety under Uskayaw
 17625 | D:10     | Noticed Snorg
 17643 | D:10     | Killed Snorg
 17967 | D:11     | Noticed Ykky's ghost (journeyman DsMo)
 18021 | D:11     | Reached skill level 5 in Invocations
 18411 | D:11     | Noticed a five-headed hydra
 18793 | D:11     | Reached skill level 11 in Stealth
 18994 | D:11     | Reached skill level 5 in Armour
 19265 | D:11     | Reached skill level 10 in Short Blades
 19506 | Lair:1   | Entered Level 1 of the Lair of Beasts
 19865 | Lair:1   | Noticed Dommiel19's ghost (journeyman FoFi)
 20865 | Lair:1   | Reached XP level 12. HP: 61/88 MP: 16/16
 20971 | Lair:1   | Noticed BorisKarlOrff's ghost (novice MiBe)
 21011 | Lair:1   | Killed BorisKarlOrff's ghost
 21374 | Lair:1   | Killed Dommiel19's ghost
 21431 | Lair:1   | Found a hide-covered altar of Uskayaw.
 22200 | Lair:2   | Noticed Dommiel19's ghost (journeyman FoFi)
 22954 | Lair:2   | Killed Dommiel19's ghost
 22954 | Lair:2   | Reached skill level 12 in Stealth
 23886 | Lair:2   | Found a staircase to the Shoals.
 25433 | Lair:3   | Found a hole to the Spider Nest.
 25727 | Lair:4   | Noticed a death yak
 25939 | Lair:4   | Reached XP level 13. HP: 69/95 MP: 17/17
 29184 | Lair:5   | Found a staircase to the Slime Pits.
 29580 | Lair:5   | Reached skill level 13 in Stealth
 31012 | D:4      | Killed kalodont's ghost
 31194 | Orc:1    | Entered Level 1 of the Orcish Mines
 31194 | Orc:1    | Found Jolyhyby's Food Emporium.
 31205 | Orc:1    | Found Gello's Gadget Emporium.
 31205 | Orc:1    | Noticed a stone giant
 31295 | Orc:1    | Killed a stone giant
 31429 | Orc:2    | Entered Level 2 of the Orcish Mines
 31449 | Orc:2    | Paralysed by an orc sorcerer for 7 turns
 31868 | Orc:2    | Found a staircase to the Elven Halls.
 32047 | Orc:2    | Found an iron altar of Okawaru.
 32102 | Orc:1    | Found Zougutz's Jewellery Emporium.
 32102 | Orc:1    | Found Jugg's Food Emporium.
 32155 | Orc:1    | Bought an uncursed amulet of faith for 480 gold pieces
 33129 | Orc:2    | Noticed Wolfborn's ghost (journeyman DDBe)
 33321 | Orc:2    | Killed Wolfborn's ghost
 33510 | Orc:2    | Found Xouneluyj's Armour Shop.
 33510 | Orc:2    | Found Caut's Jewellery Shoppe.
 33512 | Orc:2    | Found Archofruc's Jewellery Emporium.
 33514 | Orc:2    | Found Ykenuk's Magic Scroll Boutique.
 33524 | Orc:2    | Bought a scroll of identify for 22 gold pieces
 33530 | Orc:2    | Gained mutation: Your flesh is cold resistant. (rC+) [potion of mutation]
 33530 | Orc:2    | Gained mutation: Your mind is acute. (Int +2) [potion of mutation]
 33823 | Orc:2    | Found a roughly hewn altar of Beogh.
 33945 | Orc:2    | Reached XP level 14. HP: 64/104 MP: 19/19
 34461 | D:11     | Killed Ykky's ghost
 36097 | D:13     | Noticed Urug
 37490 | D:13     | Killed Urug
 37691 | D:14     | Noticed Agnes
 37929 | Spider:1 | Entered Level 1 of the Spider Nest
 39165 | Lair:3   | Reached skill level 5 in Evocations
 40494 | Spider:1 | Slain by a swamp worm

Skill      XL: |  1  2  3  4  5  6  7  8  9 10 11 12 13 14 |
---------------+-------------------------------------------+-----
Stealth        | 6 7 8 9 10 11 12 13 | 13.8
Fighting       | 2 3 4 5 6 7 8 |  8.3
Short Blades   | 3 4 5 6 7 9 10 11 12 | 12.0
Shields        | 1 2 3 4 5 6 7 8 |  8.3
Throwing       | 2 3 4 5 6 7 |  7.7
Dodging        | 2 3 4 5 6 7 8 9 |  9.9
Armour         | 1 2 3 4 5 6 7 |  7.4
Invocations    | 1 2 3 4 5 6 7 |  7.9
Evocations     | 1 2 3 4 5 |  5.1

Action                   |  1- 3 |  4- 6 |  7- 9 | 10-12 | 13-15 || total
-------------------------+-------+-------+-------+-------+-------++-------
Melee: Dagger            |   129 |   271 |   607 |  1713 |  1785 ||  4505
       Bite              |    14 |    23 |    73 |   270 |   266 ||   646
       Blowgun           |       |       |     1 |       |       ||     1
       Unarmed           |       |       |       |     1 |     3 ||     4
 Fire: Blowgun           |       |    22 |   194 |   524 |   517 ||  1257
Throw: Tomahawk          |       |     5 |    34 |    34 |    49 ||   122
Invok: Stomp             |       |       |     5 |     2 |     5 ||    12
       Line Pass         |       |       |     1 |    12 |    19 ||    32
 Abil: Bat Form          |       |     3 |    10 |    94 |    98 ||   205
       End Transformatio |       |     3 |    10 |    94 |    97 ||   204
Evoke: Wand              |       |       |     5 |    18 |    30 ||    53
       Fan of gales      |       |       |       |       |     1 ||     1
  Use: Potion            |     1 |    11 |    25 |    40 |    43 ||   120
       Scroll            |       |     8 |    10 |     6 |     5 ||    29
 Stab: Sleeping          |    11 |    10 |    13 |    35 |    36 ||   105
       Paralysed         |       |       |    11 |    32 |    31 ||    74
       Confused          |       |       |     1 |     9 |    10 ||    20
       Distracted        |       |       |     1 |     3 |     2 ||     6
       Held in net/web   |       |       |       |       |     2 ||     2
Armor: Robe              |    32 |    71 |   115 |    66 |    48 ||   332
       Skin              |       |       |     8 |       |       ||     8
Dodge: Dodged            |    64 |   108 |   389 |   594 |   763 ||  1918
Block: Buckler           |       |       |     3 |   201 |   264 ||   468
